 Dungeon Crawl Stone Soup version 0.20.1-1-g8b1a95d (webtiles) character file.

1488 polly the Cudgeler (level 8, -3/51 HPs)
             Began as a Gargoyle Berserker on Dec 31, 2017.
             Was a Priest of Trog.
             Killed from afar by a battlesphere (6 damage)
             ... created by a deep elf mage
             ... on level 6 of the Dungeon.
             The game lasted 00:07:20 (4955 turns).

polly the Cudgeler (Gargoyle Berserker)             Turns: 4955, Time: 00:07:21

Health: -3/51      AC: 19    Str: 21    XL:     8   Next: 80%
Magic:  8/8        EV:  6    Int:  8    God:    Trog [***...]
Gold:   119        SH:  9    Dex: 11    Spells: 7/7 levels left

rFire    . . .     SeeInvis .   q - +0 morningstar
rCold    . . .     Gourm    .   j - +0 shield
rNeg     + . .     Faith    .   i - +0 chain mail
rPois    ∞         Spirit   .   G - +0 helmet
rElec    +         Reflect  .   E - scarf {repulsion}
rCorr    .         Harm     .   D - +1 pair of gloves
MR       .....                  o - +0 pair of boots
Stlth    ..........             (no amulet)
Regen    0.2/turn               (no ring)
MPRegen  0.2/turn               (no ring)

@: repel missiles
A: negative energy resistance 1, electricity resistance, unbreathing,
petrification resistance, rot immunity, AC +5
a: Berserk, Trog's Hand, Burn Spellbooks, Renounce Religion


You were on level 6 of the Dungeon.
You worshipped Trog.
Trog was most pleased with you.
You were hungry.

You visited 1 branch of the dungeon, and saw 6 of its levels.

You collected 336 gold pieces.
You spent 217 gold pieces at shops.

Inventory:

Hand Weapons
 q - a +0 morningstar (weapon)
Armour
 i - a +0 chain mail (worn)
 j - a +0 shield (worn)
 o - a +0 pair of boots (worn)
 D - a +1 pair of gloves (worn)
 E - a scarf of repulsion (worn)
 G - a +0 helmet (worn)
Wands
 n - a wand of disintegration (6/24)
 s - a wand of acid (7/15)
 w - a wand of iceblast (9/15)
 y - a wand of acid (5/15)
 F - a wand of iceblast (6/15)
Scrolls
 b - 2 scrolls of recharging {unknown}
 c - a scroll of fear {unknown}
 e - 7 scrolls of teleportation {unknown}
 g - 4 scrolls of remove curse {unknown}
 k - a scroll of noise
 l - 9 scrolls of identify {unknown}
 p - 4 scrolls of amnesia {unknown}
 C - a scroll of blinking {unknown}
Potions
 a - 2 potions of flight {unknown}
 d - a potion of brilliance {unknown}
 h - a potion of lignification {unknown}
 m - 4 potions of curing {unknown}
 r - 2 potions of magic {unknown}
 t - 2 potions of mutation {unknown}
 u - a potion of heal wounds {unknown}
 v - 2 potions of resistance {unknown}
 x - a potion of might
 B - a potion of degeneration {unknown}
Comestibles
 f - 4 meat rations
 z - 2 bread rations
 A - 2 royal jellies


   Skills:
 + Level 5.9 Fighting
 + Level 7.9 Maces & Flails
 + Level 4.7 Armour
 + Level 3.0 Dodging
 + Level 0.8 Stealth
 + Level 3.7 Shields


You had 7 spell levels left.
You didn't know any spells.

Dungeon Overview and Level Annotations

Branches:
Dungeon (6/15)
 Temple: D:4-7

Altars:
Fedhas
Nemelex Xobeh
Zin

Shops:
D:5 *   D:6 :


Innate Abilities, Weirdness & Mutations

You are resistant to torment.
Your stone body is resilient. (AC +5)
You are immune to poison.
You resist negative energy. (rN+)
You are resistant to electric shocks. (rElec)
You can survive without breathing.
You are immune to petrification.
You are immune to rotting.


Message History

A battlesphere comes into view.
You closely miss the deep elf mage. You block the deep elf mage's attack.
You hit the deep elf mage.
The deep elf mage is lightly wounded.
You block the deep elf mage's attack.
You closely miss the deep elf mage.
The deep elf mage gestures at you while chanting.
The orb of energy hits you!
* * * LOW HITPOINT WARNING * * *
The orb of energy explodes!
The battlesphere fires!
The barrage of energy hits you!
The deep elf mage hits you with a short sword.
* * * LOW HITPOINT WARNING * * *
As you read the scroll labeled PARO FIKHLISET, it crumbles to dust.
You hear a loud clanging noise!
It was a scroll of noise.
The deep elf mage points at you and mumbles some strange words.
The magic dart hits you!
The battlesphere fires!
The barrage of energy hits you!
You die...

#.# #.# #..........#.# #.# #.#
###.########.# #.# #.# #.## #.#
#†######.#####..## #.#
#####.##.............# #.# ##
#........###########.######.# #..
...##.##.# +...'..#........# #.#
.#.##.##.# +*.e'..#.######## #.#
.#.##.##.# +...@..#.# #.#
.#.......#..#+++#..#.####### #.#
#####.#..#..#...#..#.......####.#
.#....##.#..#...#..#..####.......
.#.#.##..#..#...#..#.########.#.#
.#.#.##..#..#...#..#....# #.#.#
...#.##..#..#...#..#.##.# #.#..
#.##.##..#..8...8..#.##.# #.###
#.##.##........†.....##.# #.#


You could see a deep elf mage and a battlesphere.

Vanquished Creatures
  A hippogriff (D:5)
  An ice beast (D:6)
  A phantom (D:6)
  2 ogres
  2 bullfrogs (D:6)
  A scorpion (D:5)
  A howler monkey (D:5)
  2 crimson imps (D:5)
  A bullfrog zombie (D:5)
  2 hounds
  2 jellies
  An orc priest (D:3)
  2 orc wizards
  2 centaur skeletons (D:4)
  Ijyb (D:4)
  2 iguanas
  Terence (D:2)
  Natasha (twice) (D:2)
  A worker ant (D:4)
  4 gnolls (D:6)
  9 adders
  An adder zombie (D:6)
  An adder skeleton (D:6)
  2 worms
  A dart slug (D:2)
  2 leopard geckos
  14 orcs
  A ball python (D:1)
  7 giant cockroaches
  5 goblins
  7 hobgoblins
  4 jackals (D:3)
  7 kobolds
  3 quokkas
  5 bats
  7 frilled lizards
  A leopard gecko zombie (D:5)
  A quokka skeleton (D:6)
  6 rats
116 creatures vanquished.

Notes
Turn   | Place    | Note
-------+----------+-------------------------------------------
     0 | D:1      | polly the Gargoyle Berserker began the quest for the Orb.
     0 | D:1      | Reached XP level 1. HP: 14/14 MP: 1/1
   110 | D:1      | Reached XP level 2. HP: 6/19 MP: 2/2
   844 | D:2      | Noticed Terence
   852 | D:2      | Killed Terence
   852 | D:2      | Reached XP level 3. HP: 19/24 MP: 3/3
   914 | D:2      | Noticed Natasha
   921 | D:2      | Killed Natasha
   921 | D:2      | Reached XP level 4. HP: 17/30 MP: 4/4
  1290 | D:2      | Reached ** piety under Trog
  1418 | D:2      | Noticed Natasha
  1425 | D:2      | Killed Natasha
  1638 | D:3      | Reached skill level 4 in Maces & Flails
  1650 | D:3      | Reached XP level 5. HP: 34/34 MP: 5/5
  1656 | D:3      | Noticed an ogre
  1664 | D:3      | Killed an ogre
  1785 | D:3      | Reached XP level 6. HP: 17/39 MP: 6/6
  2119 | D:3      | Reached skill level 5 in Maces & Flails
  2244 | D:3      | Reached skill level 1 in Shields
  2627 | D:4      | Reached *** piety under Trog
  2627 | D:4      | Reached skill level 5 in Fighting
  2632 | D:4      | Found a blossoming altar of Fedhas.
  2681 | D:4      | Reached XP level 7. HP: 44/44 MP: 7/7
  2713 | D:4      | Found a glowing silver altar of Zin.
  3135 | D:4      | Noticed Ijyb
  3146 | D:4      | Killed Ijyb
  3358 | D:5      | Entered Level 5 of the Dungeon
  3446 | D:5      | Reached skill level 6 in Maces & Flails
  3534 | D:5      | Noticed a hippogriff
  3548 | D:5      | Killed a hippogriff
  3548 | D:5      | Reached XP level 8. HP: 30/49 MP: 8/8
  3715 | D:5      | Found Estrast's Assorted Antiques.
  3723 | D:5      | Bought a pair of glowing gloves for 217 gold pieces
  4038 | D:5      | Found a sparkling altar of Nemelex Xobeh.
  4137 | D:5      | Reached skill level 7 in Maces & Flails
  4846 | D:6      | Found Alahogg's Book Shoppe.
  4947 | D:6      | Noticed a deep elf mage
  4955 | D:6      | Killed from afar by a battlesphere

Skill      XL: |  1  2  3  4  5  6  7  8 |
---------------+-------------------------+-----
Fighting       | 4 5 |  5.9
Dodging        | 2 3 |  3.0
Maces & Flails | 4 5 6 7 |  7.9
Shields        | 1 2 3 |  3.7
Armour         | 3 4 |  4.7
Stealth        | |  0.8

Action                   |  1- 3 |  4- 6 |  7- 9 || total
-------------------------+-------+-------+-------++-------
Melee: Mace              |    47 |       |       ||    47
       Flail             |     7 |    65 |       ||    72
       Morningstar       |       |   171 |   217 ||   388
Invok: Berserk           |     3 |     3 |       ||     6
  Use: Scroll            |       |       |     1 ||     1
  Eat: Bread ration      |     1 |       |       ||     1
       Chunk             |       |     7 |     7 ||    14
       Fruit             |       |     1 |       ||     1
Armor: Animal skin       |    19 |     3 |       ||    22
       Scale mail        |       |    90 |       ||    90
       Chain mail        |       |   132 |   165 ||   297
Dodge: Dodged            |    39 |   118 |    59 ||   216
Block: Shield            |       |    83 |   109 ||   192
